 Dungeon Crawl Stone Soup version 0.32-a0-679-gc4f3efa (webtiles) character file.

Game seed: 5602074881853230830

23264 Toastz the Severer (level 13, -2/106 HPs)
             Began as a Coglin Monk on Mar 11, 2024.
             Was an Elder of the Shining One.
             Slain by a swamp worm (5 damage)
             ... on level 2 of the Lair of Beasts.
             The game lasted 00:31:16 (15150 turns).

Toastz the Severer (Coglin Monk)                   Turns: 15150, Time: 00:31:16

Health: -2/106     AC: 19    Str: 16    XL:     13   Next: 5%
Magic:  16/16      EV:  7    Int: 10    God:    the Shining One [****..]
Gold:   612        SH:  0    Dex: 17    Spells: 12/12 levels left

rFire   . . .        o - +0 war axe {Ashmeen}
rCold   . . .        a - +0 war axe {Haeun}
rNeg    + + .        q - +0 acid dragon scales
rPois   .            g - +2 helmet
rElec   .            s - +2 cloak
rCorr   +            O - +2 pair of gloves {hurl}
SInv    .            F - +1 pair of boots
Will    .....        (amulet unavailable)
Stlth   +            (ring unavailable)
HPRegen 0.37/turn    (ring unavailable)
MPRegen 0.15/turn    (no gizmo)

%: no passive effects
@: about to teleport, marked, held, glowing
A: off-hand wielding, slow wielding, warmup strikes, no jewellery
a: Invent Gizmo, Renounce Religion, Divine Shield, Cleansing Flame


You were on level 2 of the Lair of Beasts.
You worshipped the Shining One.
The Shining One was greatly pleased with you.
You visited 2 branches of the dungeon, and saw 13 of its levels.

You collected 891 gold pieces.
You spent 279 gold pieces at shops.

Inventory:

Hand Weapons
 a - a +0 war axe (offhand) {Haeun}
 o - a +0 war axe (weapon) {Ashmeen}
Missiles
 l - 29 poisoned darts
 r - 2 throwing nets
 H - 18 boomerangs
 S - 2 curare-tipped darts
Armour
 d - an orb of light
 g - a +2 helmet (worn)
 q - +0 acid dragon scales (worn)
 s - a +2 cloak (worn)
 v - a +2 robe of cold resistance
 x - a +0 plate armour
 F - a +1 pair of boots (worn)
 O - a +2 pair of gloves of hurling (worn)
Wands
 p - a wand of polymorph (3)
 D - a wand of paralysis (5)
 G - a wand of mindburst (6) (quivered)
 J - a wand of flame (27)
Scrolls
 b - 3 scrolls of vulnerability {unknown}
 c - a scroll of fog {unknown}
 f - 2 scrolls of poison
 j - 3 scrolls of amnesia
 k - a scroll of butterflies
 n - a scroll of silence
 u - 2 scrolls of enchant weapon
 w - 2 scrolls of torment {unknown}
 y - 3 scrolls of revelation {unknown}
 z - 2 scrolls of teleportation
 A - a scroll of enchant armour
 B - a scroll of noise {unknown}
 K - a scroll of blinking {unknown}
 P - a scroll of fear {unknown}
Potions
 e - a potion of mutation {unknown}
 h - 2 potions of magic {unknown}
 i - a potion of enlightenment {unknown}
 m - 2 potions of curing
 t - a potion of might {unknown}
 C - a potion of attraction {unknown}
 E - 3 potions of resistance
 I - a potion of lignification {unknown}
 L - a potion of heal wounds {unknown}
 M - a potion of haste {unknown}
 N - a potion of degeneration {unknown}
 Q - a potion of berserk rage {unknown}
 R - a potion of brilliance {unknown}


   Skills:
 + Level 11.5 Fighting
 * Level 15.7 Axes
 + Level 5.9 Armour
 - Level 5.0 Dodging
 - Level 5.0 Invocations


You had 12 spell levels left.
You didn't know any spells.
Your spell library contained the following spells:

 Spells                   Type           Power      Damage    Failure   Level
 Slow                     Hex            0%         N/A       45%         1
 Ensorcelled Hibernation  Hex/Ice        0%         N/A       58%         2
 Fugue of the Fallen      Necr           0%         N/A       83%         3
 Volatile Blastmotes      Fire/Tloc      0%         2d10      83%         3
 Anguish                  Hex/Necr       0%         N/A       99%         4
 Fulminant Prism          Conj/Alch      0%         3d5       99%         4
 Iskenderun's Mystic Bla  Conj/Tloc      0%         2d3       99%         4


Dungeon Overview and Level Annotations

Branches:
Dungeon (11/15)            Temple (0/1) D:5            Lair (2/5) D:11
 Spider (0/4) Lair:2          Orc (0/2) D:10
  Swamp: Lair:2-3    Shoals: Lair:2-3

Altars:
Cheibriados
Fedhas
Gozag
Hepliaklqana
Okawaru
Sif Muna
Uskayaw
Vehumet
The Shining One

Shops:
D:5 [   D:10 [

Annotations:
Lair:2 Harold


Innate Abilities, Weirdness & Mutations

You can wield a second weapon in your off-hand.
It takes a long time for you to wield or remove held weapons.
Your first few attacks do less damage.
You cannot equip rings or amulets.


Message History

You struggle against the net.
A dream sheep comes into view.
A yak comes into view.
An elephant comes into view.
You tear a large gash into the net.
Harold hits you with a +0 battleaxe.
You struggle against the net.
The dream sheep shake their wool and sparkle.
You feel drowsy...
You fall asleep.
Harold hits you with a +0 battleaxe!!!
You wake up.
You shred the net and break free! The elephant barely misses you.
The elephant trunk-slaps you but does no damage.
Harold hits you with a +0 battleaxe! The elephant attacks as it pursues you!
The elephant tramples you but does no damage.
The elephant barely misses you.
There is a stone staircase leading up, spattered with blood here.
The elephant tramples you!
You stumble backwards!
You stop ascending the stairs.
The elephant tramples you but does no damage.
The elephant trunk-slaps you but does no damage.
The elephant attacks as it pursues you! The elephant tramples you!
* * * LOW HITPOINT WARNING * * *
You stumble backwards!
Harold throws a throwing net.
The throwing net hits you.
You become entangled in the net!
There is a stone staircase leading up, spattered with blood here.
You see here a throwing net.
You struggle against the net.
The dream sheep shake their wool and sparkle.
You feel drowsy...
You fall asleep.
A dream sheep comes into view.
The swamp worm bites you!!
You wake up.
* * * LOW HITPOINT WARNING * * *
Okay, then.
As you read the scroll of teleportation, it crumbles to dust.
You feel strangely unstable.
The elephant tramples you but does no damage.
The elephant trunk-slaps you but does no damage.
The elephant barely misses you.
The elephant trunk-slaps you but does no damage.
The swamp worm bites you.
You die...

.... #.#'### ##....... ..##
#...# #...#.... .. ##...#
##÷.##.^. . #..'###
###†.÷.... . ##....##
#.##...... . #.....#
##..÷..... .. ##.....#
#..÷.....^ ... #.<÷@Y##
#......... .'.####.Yw@##
####........
......#.YYY.####..#......#.
#..(S....÷....'......##
#.#.Y....#######......#
##Y.....## ##......#
###YY....♣♣ ♣.......#
#...♣♣♣♣♣♣ ♣♣♣♣♣♣..# #.Y♣♣♣
♣.## #..YY ♣.###


You could see a death yak, Harold, 4 elephants, a yak, a swamp worm, a water
moccasin and 3 dream sheep.

Vanquished Creatures
  Erica (Lair:2)
  2 death yaks (Lair:2)
  A fire crab (D:11)
  A bog body (Lair:1)
  An ugly thing (D:11)
  A black mamba (Lair:1)
  6 elephants
  A torpor snail (Lair:1)
  5 cane toads
  Maggie (Lair:1)
  Jeremiah (D:7)
  2 rime drakes (Lair:2)
  2 kobold demonologists (D:9)
  2 komodo dragons
  2 trolls
  Grinder (D:3)
  A polar bear (Lair:1)
  2 dream sheep (Lair:1)
  Sigmund (D:2)
  A wraith (D:11)
  35 yaks
  A vampire (D:11)
  A basilisk (Lair:1)
  2 steam dragons
  4 redbacks (Lair:2)
  5 vampire mosquitoes (D:10)
  Menkaure (D:4)
  3 acid dragons
  10 water moccasins
  2 orc warriors
  2 black bears (D:5)
  3 centaurs
  6 wolves (Lair:2)
  5 kobold brigands
  A phantom (D:7)
  4 bullfrogs
  3 gnoll sergeants
  5 scorpions
  4 wights (D:9)
  6 killer bees (D:10)
  4 howler monkeys
  3 crimson imps (D:10)
  4 orc priests
  3 bombardier beetles
  A gnoll bouda (D:4)
  5 hounds
  2 jellies
  2 sleepcaps (D:7)
  Crazy Yiuf (D:3)
  Jessica (D:2)
  8 orc wizards
  Natasha (D:3)
  Terence (D:2)
  A statue (D:7)
  17 gnolls
  5 adders
  2 shadow imps
  7 white imps
  A ribbon worm (D:2)
  4 dart slugs
  32 orcs
  3 endoplasms
  A giant cockroach (D:1)
  5 goblins
  7 hobgoblins
  7 jackals
  16 kobolds
  5 quokkas
  9 ball pythons
  8 bats
  3 frilled lizards
  5 rats
312 creatures vanquished.

Notes
Turn   | Place    | Note
-------+----------+-------------------------------------------
     0 | D:1      | Toastz the Coglin Monk began the quest for the Orb.
     0 | D:1      | Reached XP level 1. HP: 18/18 MP: 1/1
   152 | D:1      | Reached XP level 2. HP: 24/24 MP: 2/2
  1115 | D:2      | Reached XP level 3. HP: 29/29 MP: 3/3
  1118 | D:2      | Reached skill level 1 in Armour
  1294 | D:2      | Found a faded altar of an unknown god.
  1300 | D:2      | Got Plato's Tome of Obstruction
  1321 | D:2      | Noticed Sigmund
  1562 | D:2      | Found a glowing golden altar of the Shining One.
  1573 | D:2      | Became a worshipper of the Shining One
  1573 | D:2      | Reached * piety under the Shining One
  1573 | D:2      | Reached ** piety under the Shining One
  2003 | D:2      | Killed Sigmund
  2004 | D:2      | Reached skill level 4 in Axes
  2004 | D:2      | Reached skill level 1 in Invocations
  2004 | D:2      | Reached XP level 4. HP: 27/37 MP: 0/4
  2004 | D:2      | Reached XP level 5. HP: 31/42 MP: 0/5
  2194 | D:2      | Noticed Terence
  2199 | D:2      | Noticed Jessica
  2203 | D:2      | Killed Terence
  2204 | D:2      | Reached XP level 6. HP: 40/48 MP: 7/7
  2212 | D:2      | Killed Jessica
  2213 | D:2      | Reached skill level 5 in Axes
  2426 | D:3      | Noticed Grinder
  2696 | D:3      | Noticed Natasha
  2704 | D:3      | Killed Natasha
  2832 | D:3      | Found a snail-covered altar of Cheibriados.
  3001 | D:3      | Paralysed by Grinder for 3 turns
  3019 | D:3      | Killed Grinder
  3020 | D:3      | Reached XP level 7. HP: 48/55 MP: 6/8
  3182 | D:3      | Found a runed translucent door.
  3183 | D:3      | Noticed Crazy Yiuf
  3311 | D:3      | Killed Crazy Yiuf
  3312 | D:3      | Reached skill level 6 in Axes
  3492 | D:4      | You fall into a shaft and drop 1 floor!
  3492 | D:5      | Entered Level 5 of the Dungeon
  3516 | D:5      | Found a hazy altar of Hepliaklqana.
  3583 | D:5      | Reached XP level 8. HP: 55/61 MP: 10/10
  3625 | D:5      | Reached skill level 5 in Fighting
  3854 | D:5      | Reached skill level 7 in Axes
  3945 | D:5      | Found a staircase to the Ecumenical Temple.
  4926 | D:4      | Found a blossoming altar of Fedhas.
  4926 | D:4      | Noticed Menkaure
  5028 | D:4      | Killed Menkaure
  5175 | D:5      | Found Joarphu's Antique Armour Shop.
  5813 | D:6      | Found a hide-covered altar of Uskayaw.
  5919 | D:7      | Reached XP level 9. HP: 66/69 MP: 11/11
  5931 | D:7      | Identified the +0 morningstar "Orer" {vamp, Int+2 Dex+3}
  6075 | D:7      | Reached skill level 8 in Axes
  6149 | D:7      | Noticed Jeremiah
  6198 | D:7      | Killed Jeremiah
  6436 | D:7      | Reached *** piety under the Shining One
  6443 | D:7      | Reached skill level 5 in Armour
  6617 | D:7      | Reached skill level 9 in Axes
  7180 | D:7      | Found a radiant altar of Vehumet.
  7299 | D:7      | Found an opulent altar of Gozag.
  7301 | D:7      | Found a shimmering blue altar of Sif Muna.
  7520 | D:8      | Reached XP level 10. HP: 74/77 MP: 13/13
  7542 | D:8      | Reached skill level 5 in Invocations
  8866 | D:9      | Reached skill level 10 in Axes
  9003 | D:9      | Found a glowing golden altar of the Shining One.
  9351 | D:9      | Noticed a kobold demonologist
  9355 | D:9      | Noticed a kobold demonologist
  9361 | D:9      | Killed a kobold demonologist
  9365 | D:9      | Noticed a soul eater
  9365 | D:9      | Killed a kobold demonologist
  9366 | D:9      | Reached skill level 11 in Axes
  9833 | D:10     | Entered Level 10 of the Dungeon
  9934 | D:10     | Reached XP level 11. HP: 70/87 MP: 14/14
  9938 | D:10     | Reached skill level 5 in Dodging
 10069 | D:10     | Found Kunamos's Armour Shop.
 10100 | D:10     | Reached skill level 12 in Axes
 10206 | D:10     | Bought a +2 pair of gloves of hurling for 279 gold pieces
 10235 | D:10     | Found an iron altar of Okawaru.
 10314 | D:10     | Reached **** piety under the Shining One
 10425 | D:10     | Found a staircase to the Orcish Mines.
 11062 | D:11     | Found a staircase to the Lair.
 11062 | D:11     | Noticed a fire crab
 11083 | D:11     | HP: 4/89 [fire crab (15)]
 11084 | D:11     | Killed a fire crab
 11392 | D:11     | Noticed a green ugly thing
 11413 | D:11     | Killed a green ugly thing
 11657 | Lair:1   | Entered Level 1 of the Lair of Beasts
 11699 | Lair:1   | Reached skill level 13 in Axes
 11898 | Lair:1   | The Shining One protects you from harm!
 12232 | Lair:1   | Reached skill level 10 in Fighting
 12326 | Lair:1   | Reached XP level 12. HP: 68/97 MP: 15/15
 12455 | Lair:1   | Noticed Maggie
 12461 | Lair:1   | Killed Maggie
 12860 | Lair:2   | Noticed Harold
 13110 | Lair:1   | Reached skill level 14 in Axes
 13627 | Lair:2   | Found a hole to the Spider Nest.
 13952 | Lair:2   | Reached skill level 15 in Axes
 14011 | Lair:2   | Noticed Erica
 14027 | Lair:2   | Killed Erica
 14787 | Lair:2   | Noticed a death yak
 14788 | Lair:2   | Noticed a death yak
 14797 | Lair:2   | Noticed a death yak
 14808 | Lair:2   | Killed a death yak
 14818 | Lair:2   | Killed a death yak
 14819 | Lair:2   | Reached XP level 13. HP: 20/106 MP: 7/16
 15149 | Lair:2   | HP: 3/106 [swamp worm (24)]
 15150 | Lair:2   | Slain by a swamp worm

Illustrated notes

Levels and vault maps discovered:
D:1:      kilobyte_arrival_exit_the_forest, layout_basic, minmay_distorted
D:2:      layout_basic, basic_altar, shapermc_ecumenical_altar_rom_forum,
          st_stairs_12, uniq_sigmund, uniq_jessica, uniq_terence
D:3:      layout_rooms, amcnicky_altar_gilded, uniq_crazy_yiuf_cottage,
          uniq_grinder, uniq_natasha
D:4:      layout_basic, mainiacjoe_overflow_alcove_4, uniq_menkaure
D:5:      layout_basic, nicolae_hepliaklqana_hazy_memory,
          minmay_temple_entry_glass, serial_shops, nicolae_shop_trees,
          guppyfry_early_orc_mine
D:6:      layout_loops_ring, marbit_many_paths
D:7:      layout_loops_corners, vehumet_statue, nicolae_overflow_hidden_temple,
          minmay_fractal_squares_5, uniq_jeremiah
D:8:      layout_loops_corners, minmay_crystal_water,
          chequers_serial_rivers_small_b
D:9:      layout_rooms, tso_metal_star, kennysheep_generic_room_8
D:10:     layout_stronghold, okawaru_ov_weapons_minmay, orc_0_dummy,
          serial_shops, nicolae_shop_crystal, minmay_fire_ice_demons
D:11:     layout_irregular_city, minmay_lair_entry_lava, grunt_decor_fettered,
          serial_park_tiny_2
Lair:1:   layout_chaotic_city, infiniplex_staircase_pool_2,
          serial_bayou_shore_b, grunt_megastairs_3, uniq_maggie
Lair:2:   layout_roguey, nicolae_swamp_entry_splash_gauntlet,
          spider_nest_entry_webs, uniq_harold, uniq_erica

Skill      XL: |  1  2  3  4  5  6  7  8  9 10 11 12 |
---------------+-------------------------------------+-----
Armour         | 2 3 4 5 |  5.9
Axes           | 4 5 6 7 9 11 13 15 | 15.7
Invocations    | 1 2 3 4 5 |  5.0
Fighting       | 4 5 6 8 10 11 | 11.5
Dodging        | 4 5 |  5.0

Action                     |  1- 3 |  4- 6 |  7- 9 | 10-12 | 13-15 || total
---------------------------+-------+-------+-------+-------+-------++-------
  Melee: Hand axe          |    41 |    67 |   110 |       |       ||   218
         War axe           |    31 |    68 |   287 |   872 |    13 ||  1271
  Throw: Dart              |     3 |       |     3 |    20 |       ||    26
 Invoke: Divine Shield     |     1 |     1 |     1 |     7 |       ||    10
         Cleansing Flame   |       |       |       |     1 |       ||     1
  Evoke: Wand              |       |       |     6 |     4 |       ||    10
    Use: Scroll            |     5 |       |     2 |     7 |     1 ||    15
         Potion            |       |       |     1 |     2 |       ||     3
   Stab: Sleeping          |     1 |       |       |       |       ||     1
 Armour: Robe              |    15 |       |    53 |       |       ||    68
         Ring mail         |    14 |    26 |       |       |       ||    40
         Leather armour    |    13 |       |       |       |       ||    13
         Scale mail        |       |    39 |   123 |       |       ||   162
         Acid dragon scale |       |       |       |   477 |    16 ||   493
         Steam dragon scal |       |       |       |    14 |       ||    14
  Dodge: Dodged            |    30 |    37 |   118 |   391 |     6 ||   582
  Block: Other             |       |     4 |       |    21 |       ||    25

Table legend: (Time is in decaauts)
 A = Elapsed time spent in this place.
 B = Non-inter-level travel time spent in this place.
 C = Inter-level travel time spent in this place.
 D = Time resting spent in this place.
 E = Time spent auto-exploring this place.
 F = Levels seen in this place.
 G = Mean time per level.
                   A        B        C        D        E       F      G
               +--------+--------+--------+--------+--------+-----+--------+
         Total |  15217 |  14638 |    579 |   4145 |   8192 |  13 | 1170.5 |
       Dungeon |  11935 |  11433 |    502 |   2457 |   7218 |  11 | 1085.0 |
          Lair |   3282 |   3206 |     76 |   1688 |    974 |   2 | 1641.0 |
               +--------+--------+--------+--------+--------+-----+--------+

Top non-repeatable levels by time:
  Lair:1: 2161 daAuts
     D:2: 1500 daAuts
     D:8: 1376 daAuts
     D:7: 1365 daAuts
     D:1: 1171 daAuts
  Lair:2: 1120 daAuts
    D:10: 1035 daAuts
     D:9: 1034 daAuts
    D:11: 994 daAuts
     D:4: 981 daAuts
     D:5: 917 daAuts
     D:6: 780 daAuts
     D:3: 779 daAuts
